 Dungeon Crawl Stone Soup version 0.22.1-1-ga44c0e5 (webtiles) character file.

63 dvd the Firebug (level 4, -3/27 HPs)
             Began as an Octopode Fire Elementalist on Nov 5, 2018.
             Slain by an orc
             ... wielding a +0 hand axe
              (5 damage)
             ... on level 2 of the Dungeon.
             The game lasted 00:04:17 (2181 turns).

dvd the Firebug (Octopode Fire Elementalist)        Turns: 2181, Time: 00:04:18

Health: -3/27      AC:  1    Str:  7    XL:     4   Next: 10%
Magic:  4/7        EV: 13    Int: 18    God:
Gold:   137        SH:  0    Dex: 12    Spells: 1/8 levels left

rFire    . . .     SeeInvis .   e - +0 short sword
rCold    . . .     Gourm    .   (no shield)
rNeg     . . .     Faith    .   (helmet restricted)
rPois    .         Spirit   .   (no amulet)
rElec    .         Reflect  .   (no ring)
rCorr    .         Harm     .   (no ring)
MR       .....                  (no ring)
Stlth    +++.......             (no ring)
HPRegen  0.09/turn              (no ring)
MPRegen  0.10/turn              (no ring)
                                (no ring)
                                (no ring)

@: no status effects
A: almost no armour, stealthy swim, amphibious, 8 rings, constrict 8, camouflage
1, gelatinous body 1
a: no special abilities


You were on level 2 of the Dungeon.
You were not hungry.

You visited 1 branch of the dungeon, and saw 3 of its levels.

You collected 137 gold pieces.

Inventory:

Hand Weapons
 c - a +0 spear
 e - a +0 short sword (weapon)
 k - a +0 mace
Wands
 l - a wand of polymorph (20)
Scrolls
 a - 5 scrolls of remove curse {unknown}
 d - 2 scrolls of enchant armour {unknown}
 h - 2 scrolls of magic mapping {unknown}
 j - a scroll of noise {unknown}
 o - a scroll of random uselessness {unknown}
 r - a scroll of identify {unknown}
Potions
 f - 2 potions of degeneration {unknown}
 g - a potion of curing {unknown}
 m - a potion of lignification {unknown}
 n - 2 potions of cancellation {unknown}
 p - a potion of heal wounds
 q - a potion of mutation {unknown}
Comestibles
 b - 3 rations
 i - 2 chunks of flesh


   Skills:
 + Level 0.4 Fighting
 + Level 0.2 Short Blades
 + Level 2.2 Dodging
 + Level 3.2 Stealth
 - Level 0.2 Unarmed Combat
 + Level 2.5 Spellcasting
 + Level 1.3 Conjurations
 + Level 3.8 Fire Magic


You had one spell level left.
You knew the following spells:

 Your Spells              Type           Power        Failure   Level  Hunger
a - Flame Tongue          Conj/Fire      ##...        6%          1    #......
b - Throw Flame           Conj/Fire      ##....       9%          2    ##.....
c - Sticky Flame          Conj/Fire      ##......     52%         4    #####..

Your spell library contained the following spells:

 Spells                   Type           Power        Failure   Level  Hunger
 Conjure Flame            Conj/Fire      ##......     19%         3    ###....
 Inner Flame              Hex/Fire       #.......     24%         3    ###....
 Fireball                 Conj/Fire      ##........   86%         5    ######.


Dungeon Overview and Level Annotations

Branches:
Dungeon (3/15)

Altars:
Sif Muna


Innate Abilities, Weirdness & Mutations

You cannot wear most types of armour.
You are very stealthy in the water. (Stealth+)
You are amphibious.
You can wear up to eight rings at the same time.
You can use your tentacles to constrict eight enemies at once.
Your skin changes colour to match your surroundings (Stealth+).
Your rubbery body absorbs attacks. (AC +1, EV +1)


Message History

The flame tongue hits the gnoll.
The gnoll is severely wounded.
The gnoll drinks a potion.
The gnoll is healed!
Casting: Flame Tongue (safe; 6% risk of failure)
Confirm with . or Enter, or press ? or * to list all spells.
Aiming: Flame Tongue (safe; 6% risk of failure)
Press: ? - help, Shift-Dir - straight line, f/p - gnoll
Aim: a gnoll, wielding a spear The flame tongue misses the gnoll.
The gnoll hits you from afar with a spear!
The orc hits you with a hand axe. The hobgoblin completely misses you.
The gnoll hits you from afar with a spear!
* * * LOW HITPOINT WARNING * * *
You climb upwards.
There is a stone staircase leading down here.
Unknown command.
The orc hits you with a hand axe.
* * * LOW HITPOINT WARNING * * *
The orc hits you with a hand axe.
You die...

#..................#
####.#########.##### #.#
#.# #.# #.# #.# #.### #.#
#.#.## #.# ##g.#.## #÷#
#.o###.## #.########@##
##.# #.(......#..###.##
##'#####.##..#.##
#######≈.#####.##.#.##
....#≈≈≈(#........#.#
....#≈...#.....####.######
###.#.######.............#
#.#'## #.######.####.#
#...# #.# #.# #.#


You could see an orc and a hobgoblin.

Vanquished Creatures
  2 adders
  2 worms (D:2)
  A dart slug (D:1)
  A ball python (D:2)
  A giant cockroach (D:2)
  3 goblins
  7 hobgoblins
  A quokka (D:2)
  4 bats
  5 frilled lizards
  7 kobolds
  7 rats
41 creatures vanquished.

Notes
Turn   | Place    | Note
-------+----------+-------------------------------------------
     0 | D:1      | dvd the Octopode Fire Elementalist began the quest for the
                  | Orb.
     0 | D:1      | Reached XP level 1. HP: 11/11 MP: 3/3
   334 | D:1      | Reached XP level 2. HP: 17/17 MP: 0/5
   389 | D:1      | Learned a level 2 spell: Throw Flame
  1036 | D:2      | Found a deep blue altar of Sif Muna.
  1152 | D:2      | Reached XP level 3. HP: 13/21 MP: 0/6
  1926 | D:2      | Reached XP level 4. HP: 27/27 MP: 2/7
  1977 | D:2      | Learned a level 4 spell: Sticky Flame
  2180 | D:2      | HP: 1/27 [orc/hand axe (4)]
  2181 | D:2      | Slain by an orc

Skill      XL: |  1  2 |
---------------+-------+-----
Stealth        | 3 |  3.2
Fighting       | |  0.4
Short Blades   | |  0.2
Dodging        | |  2.2
Unarmed Combat | |  0.2
Spellcasting   | |  2.5
Conjurations   | |  1.3
Fire Magic     | |  3.8

Action                   |  1- 3 |  4- 6 || total
-------------------------+-------+-------++-------
Melee: Unarmed           |     4 |       ||     4
       Tentacles         |     3 |       ||     3
       Short sword       |    12 |       ||    12
       Constrict         |     5 |       ||     5
       Punch             |     1 |       ||     1
 Cast: Flame Tongue      |    61 |     9 ||    70
       Throw Flame       |     1 |       ||     1
 Stab: Sleeping          |     1 |       ||     1
  Eat: Chunk             |     4 |     1 ||     5
Armor: Skin              |     4 |       ||     4
Dodge: Dodged            |    28 |     7 ||    35
